 Dungeon Crawl Stone Soup version 0.31.0-11-ge490571c62 (webtiles) character file.

Game seed: 3052274207099585274

1076 dialectric the Poker (level 8, -2/61 HPs)
             Began as a Demonspawn Fighter on Jan 28, 2024.
             Slain by a killer bee (4 damage)
             ... on level 6 of the Dungeon.
             The game lasted 00:05:08 (4087 turns).

dialectric the Poker (Demonspawn Fighter)           Turns: 4087, Time: 00:05:09

Health: -2/61      AC:  8    Str: 20    XL:     8   Next: 8%
Magic:  0/8        EV: 10    Int: 12    God:
Gold:   237        SH:  5    Dex: 12    Spells: 7/7 levels left

rFire   . . .        a - +0 trident
rCold   . . .        c - +0 buckler
rNeg    . . .        b - +0 scale mail
rPois   .            (no helmet)
rElec   .            C - +0 cloak
rCorr   .            (no gloves)
SInv    .            (no boots)
Will    .....        v - amulet of guardian spirit Stlth
                     (no ring)
HPRegen 0.30/turn    (no ring)
MPRegen 0.11/turn

%: guardian spirit
@: mighty, lethally poisoned (-2 -> -8)
A: hooves 1, big brain 2
a: no special abilities


You were on level 6 of the Dungeon.
You visited 1 branch of the dungeon, and saw 6 of its levels.

You collected 237 gold pieces.

Inventory:

Hand Weapons
 a - a +0 trident (weapon)
 w - the +5 sling of Crystal {heavy, rElec rC+ Str+5}
   (You found it on level 5 of the Dungeon)

   Str+5:     It affects your strength (+5).
   rC+:       It protects you from cold.
   rElec:     It insulates you from electricity.
 B - a +4 quarterstaff of chaos
Missiles
 x - 31 stones (quivered)
 D - a curare-tipped dart
Armour
 b - a +0 scale mail (worn)
 c - a +0 buckler (worn)
 C - a +0 cloak (worn)
Jewellery
 t - a ring of protection from cold
 v - an amulet of guardian spirit (around neck)
Wands
 s - a wand of flame (23)
 y - a wand of paralysis (6)
Scrolls
 e - 5 scrolls of poison {unknown}
 h - a scroll of noise {unknown}
 j - 2 scrolls of fear {unknown}
 k - a scroll of enchant weapon {unknown}
 m - a scroll of amnesia
 o - 3 scrolls of immolation {unknown}
 q - 2 scrolls of vulnerability {unknown}
 r - 2 scrolls of enchant armour {unknown}
 u - 2 scrolls of blinking {unknown}
 A - a scroll of teleportation {unknown}
 F - a scroll of identify {unknown}
Potions
 f - 3 potions of heal wounds {unknown}
 g - a potion of experience {unknown}
 i - 2 potions of curing
 l - a potion of lignification {unknown}
 n - a potion of magic {unknown}
 p - 3 potions of haste {unknown}
 z - a potion of degeneration {unknown}
 E - a potion of enlightenment {unknown}


   Skills:
 + Level 4.9 Fighting
 + Level 5.4 Polearms
 + Level 4.4 Armour
 + Level 1.6 Dodging
 + Level 0.8 Stealth
 * Level 4.7 Shields


You had 7 spell levels left.
You didn't know any spells.
Your spell library contained the following spells:

 Spells                   Type           Power      Damage    Failure   Level
 Ensorcelled Hibernation  Hex/Ice        0%         N/A       86%         2
 Call Canine Familiar     Summ           0%         N/A       97%         3
 Fugue of the Fallen      Necr           0%         N/A       97%         3
 Sigil of Binding         Hex            0%         N/A       97%         3
 Anguish                  Hex/Necr       0%         N/A       100%        4
 Dimensional Bullseye     Hex/Tloc       0%         N/A       100%        4


Dungeon Overview and Level Annotations

Branches:
Dungeon (6/15)             Temple (0/1) D:5

Altars:
Ashenzari

Shops:
D:5 *


Innate Abilities, Weirdness & Mutations

You have large cloven feet.
You have an extremely huge brain. (Int +4)


Message History

The killer bee closely misses you. You block the killer bee's attack.
Aiming: Paralyse
Press: ? - help, Shift-Dir - straight line, f/p - ice beast
Aim: an ice beast (lightly wounded, chance to affect: 49%)
The killer bee resists with significant effort.
The killer bee barely misses you. The killer bee stings you.
You are poisoned.
The killer bee poisons you!
Unknown command.
Aiming: Paralyse
Press: ? - help, Shift-Dir - straight line, f/p - ice beast
Aim: an ice beast (lightly wounded, chance to affect: 49%)
The killer bee suddenly stops moving!
You feel sick.
Unknown command.
Unknown command.
You feel sick.
You feel sick.
You feel sick.
You feel sick.
You feel sick.
You are no longer poisoned.
The killer bee stings you.
* * * LOW HITPOINT WARNING * * *
You are poisoned.
The killer bee poisons you!
You feel sick. The killer bee completely misses you.
You feel sick. The killer bee closely misses you. The killer bee stings you.
* * * LOW HITPOINT WARNING * * *
You are lethally poisoned!
The killer bee poisons you!
* * * LOW HITPOINT WARNING * * *
You feel sick. The killer bee closely misses you. x2
* * * LOW HITPOINT WARNING * * *
You feel sick.
The killer bee attacks as it pursues you!
The killer bee completely misses you. The killer bee barely misses you.
The killer bee stings you.
* * * LOW HITPOINT WARNING * * *
The killer bee stings you.
You die...

##### .....# #########
..... .......# .....
#..##.### ######### .....
#.......# #.......# .....
#...y...####.#####
##.#########
#..@y.....Y......#
##.........#
#.#.y...####.###.#
....######.###.#.....####.#
.# ###.# #.....###.####...#
.# #.# ####### #.#
#.#y###.# #.# #.# #....†yB#
#.# #.# #.#.##yy### ###.#
#.# #..##.#..... .##.#
#...... ##..###


You could see an ice beast and 3 killer bees.

Vanquished Creatures
  Edmund (D:4)
  2 black bears (D:5)
  A kobold brigand (D:6)
  2 scorpions
  A killer bee (D:6)
  A howler monkey (D:5)
  5 bombardier beetles (D:5)
  3 jellies
  3 hounds
  Crazy Yiuf (D:4)
  2 iguanas (D:5)
  2 adders
  2 ufetubi (D:5)
  4 dart slugs
  7 orcs
  5 ball pythons
  5 endoplasms
  4 giant cockroaches
  3 goblins
  4 hobgoblins
  2 jackals (D:5)
  13 kobolds
  2 quokkas
  A bat (D:1)
  6 rats
82 creatures vanquished.

Notes
Turn   | Place    | Note
-------+----------+-------------------------------------------
     0 | D:1      | dialectric the Demonspawn Fighter began the quest for the
                  | Orb.
     0 | D:1      | Reached XP level 1. HP: 18/18 MP: 1/1
   133 | D:1      | Gained mutation: You have an unusually large brain. (Int
                  | +2) [demonic ancestry]
   133 | D:1      | Reached XP level 2. HP: 24/24 MP: 2/2
   170 | D:1      | You fall into a shaft and drop 1 floor!
   233 | D:2      | Reached skill level 2 in Polearms
   459 | D:1      | Gained mutation: You have an extremely huge brain. (Int +4)
                  | [demonic ancestry]
   459 | D:1      | Reached XP level 3. HP: 29/29 MP: 3/3
   800 | D:3      | Found a broken altar of Ashenzari.
   902 | D:3      | Reached XP level 4. HP: 32/36 MP: 4/4
  1501 | D:4      | Reached skill level 3 in Polearms
  1539 | D:4      | HP: 1/37 [hound (2)]
  1546 | D:4      | Reached XP level 5. HP: 3/42 MP: 5/5
  1832 | D:4      | Found a runed translucent door.
  1833 | D:4      | Noticed Crazy Yiuf
  1921 | D:4      | Noticed Edmund
  1931 | D:4      | HP: 1/42 [Edmund/+0 flail of venom (6)]
  1934 | D:4      | Killed Edmund
  1935 | D:4      | Gained mutation: You have large cloven feet. [demonic
                  | ancestry]
  1935 | D:4      | Reached XP level 6. HP: 4/48 MP: 6/6
  2112 | D:4      | Reached skill level 1 in Dodging
  2394 | D:5      | Entered Level 5 of the Dungeon
  2403 | D:5      | Reached skill level 4 in Polearms
  2737 | D:5      | Found a staircase to the Ecumenical Temple.
  2769 | D:5      | Reached XP level 7. HP: 42/54 MP: 7/7
  3163 | D:5      | Found Musaawn's Fire Supplies.
  3231 | D:5      | Reached skill level 5 in Polearms
  3242 | D:5      | Identified the +5 sling of Crystal {heavy, rElec rC+ Str+5}
  3669 | D:4      | Killed Crazy Yiuf
  3906 | D:6      | Reached XP level 8. HP: 44/61 MP: 6/8
  4087 | D:6      | HP: 2/61 [killer bee (3)]
  4087 | D:6      | Slain by a killer bee

Illustrated notes

Levels and vault maps discovered:
D:1:      lightli_arrival_boilingwater, layout_loops_ring,
          chequers_serial_rivers_room_a, minmay_heptomino_o4
D:2:      layout_basic
D:3:      layout_loops_cross, cheibrodos_ashenzari_chains, st_stairs_1
D:4:      layout_cave_pools, mainiacjoe_overflow_tiny_flanked,
          uniq_crazy_yiuf_cottage, uniq_edmund
D:5:      layout_basic, minmay_temple_entry_mist, nicolae_shop_fire_sale
          [nicolae_sub_dead_trees]
D:6:      layout_loops_ring, serial_shops, nicolae_shop_statue_plus,
          nicolae_elemental_shop, minmay_misc_feat_tiny

Skill      XL: |  1  2  3  4  5  6  7 |
---------------+----------------------+-----
Polearms       | 2 3 4 5 |  5.4
Shields        | 3 4 |  4.7
Armour         | 3 4 |  4.4
Fighting       | 4 |  4.9
Dodging        | 1 |  1.6
Stealth        | |  0.8

Action                     |  1- 3 |  4- 6 |  7- 9 || total
---------------------------+-------+-------+-------++-------
  Melee: Trident           |   101 |   149 |   131 ||   381
         Kick              |       |    12 |    36 ||    48
  Evoke: Wand              |       |       |     3 ||     3
    Use: Potion            |       |     3 |     3 ||     6
         Scroll            |       |       |     1 ||     1
   Stab: Paralysed         |       |       |     6 ||     6
 Armour: Scale mail        |    51 |   111 |    74 ||   236
  Dodge: Dodged            |    28 |    46 |    53 ||   127
  Block: Buckler           |    18 |    27 |    27 ||    72
